 Dungeon Crawl Stone Soup version 0.28-a0-1190-g77e1c55843 (webtiles) character file.

Game seed: 6975167028946843695

5714 Gargoyl the Fighter (level 10, -12/80 (82) HPs)
             Began as a Gnoll Abyssal Knight on Dec 18, 2021.
             Was a Priest of Lugonu.
             Mangled by a two-headed ogre (17 damage)
             ... on level 9 of the Dungeon.
             The game lasted 00:13:06 (10298 turns).

Gargoyl the Fighter (Gnoll Abyssal Knight)         Turns: 10298, Time: 00:13:06

HP:   -12/80 (82)   AC: 21    Str: 17    XL:     10   Next: 76%
MP:   5/20          EV:  7    Int:  9    God:    Lugonu [***...]
Gold: 142           SH: 11    Dex: 13    Spells: 20/20 levels left

rFire   . . .      SeeInvis .   r - +2 dagger (elec)
rCold   . . .      Faith    .   b - +2 kite shield {reflect}
rNeg    . . .      Spirit   .   f - +4 chain mail {rPois}
rPois   +          Reflect  +   t - +2 helmet
rElec   .          Harm     .   z - +1 cloak
rCorr   .          Rampage  .   d - +0 pair of gloves
Will    .....                   (no boots)
Stlth   ..........              (no amulet)
HPRegen 0.23/turn               i - ring of poison resistance
MPRegen 0.17/turn               B - +4 ring of slaying

@: lightly drained
A: fangs 1, strong nose, distributed training, high mp 1, subdued magic 1,
MP-powered wands
a: Renounce Religion, Depart the Abyss, Bend Space, Banish


You were on level 9 of the Dungeon.
You worshipped Lugonu.
Lugonu was most pleased with you.
You visited 1 branch of the dungeon, and saw 9 of its levels.
You visited the Abyss 1 time.

You collected 591 gold pieces.
You spent 449 gold pieces at shops.

Inventory:

Hand Weapons
 r - a +2 dagger of electrocution (weapon)
 E - a +3 war axe
 I - a +4 war axe
Missiles
 l - 2 throwing nets
Armour
 b - a +2 kite shield of reflection (worn)
 d - a +0 pair of gloves (worn)
 f - a +4 chain mail of poison resistance (worn)
 t - a +2 helmet (worn)
 z - a +1 cloak (worn)
Jewellery
 a - a ring of resist corrosion
 i - a ring of poison resistance (left hand)
 B - a +4 ring of slaying (right hand)
Wands
 o - a wand of iceblast (5)
 q - a wand of polymorph (9)
 u - a wand of mindburst (17)
 w - a wand of paralysis (12)
 C - a wand of charming (6)
 F - a wand of flame (11)
Scrolls
 m - a scroll of identify
 n - 3 scrolls of fog
 y - 6 scrolls of teleportation
Potions
 c - 2 potions of heal wounds
 e - 4 potions of curing {unknown}
 g - 2 potions of magic {unknown}
 h - a potion of might {unknown}
 j - 2 potions of lignification {unknown}
 k - a potion of attraction {unknown}
 p - a potion of resistance {unknown}
 s - 2 potions of haste {unknown}
 x - 2 potions of brilliance {unknown}
 A - 3 potions of cancellation {unknown}
 D - a potion of berserk rage {unknown}
 H - a potion of invisibility {unknown}


   Skills:
 + Level 8.7 Fighting
 + Level 5.6 Short Blades
 + Level 5.6 Long Blades
 + Level 7.3 Axes
 + Level 5.6 Maces & Flails
 + Level 5.6 Polearms
 + Level 5.6 Staves
 + Level 5.6 Slings
 + Level 5.6 Bows
 + Level 5.6 Crossbows
 + Level 5.6 Throwing
 + Level 7.3 Armour
 + Level 6.2 Dodging
 + Level 5.6 Stealth
 + Level 5.6 Shields
 + Level 5.6 Unarmed Combat
 + Level 5.6 Spellcasting
 + Level 4.6 Conjurations
 + Level 4.6 Hexes
 + Level 4.6 Summonings
 + Level 4.6 Necromancy
 + Level 4.6 Translocations
 + Level 4.6 Transmutations
 + Level 4.6 Fire Magic
 + Level 4.6 Ice Magic
 + Level 4.6 Air Magic
 + Level 4.6 Earth Magic
 + Level 4.6 Poison Magic
 + Level 7.7 Invocations
 + Level 5.6 Evocations


You had 20 spell levels left.
You didn't know any spells.
Your spell library was empty.

Dungeon Overview and Level Annotations

Branches:
Dungeon (9/15)             Temple (0/1) D:7             Orc (0/2) D:9
   Lair: D:8-11

Altars:
Cheibriados
Fedhas
Qazlal
Ru
Sif Muna
Uskayaw
Xom
Yredelemnul

Shops:
D:9 [[

Annotations:
D:9 Essalna's ghost, journeyman DsFE


Innate Abilities, Weirdness & Mutations

You have very sharp teeth.
Your uncanny sense of smell can sniff out nearby items.
Your experience applies equally to all skills.
You have an increased reservoir of magic. (+10% MP)
Your spells are a little easier to cast, but a little less powerful.
You expend magic power (3 MP) to strengthen your wands.


Message History

You start resting.
A two-headed ogre comes into view. It is wielding two +0 giant clubs.
Aiming: Iceblast
Press: ? - help, Shift-Dir - straight line, f - two-headed ogre
Aim: a two-headed ogre, wielding two +0 giant clubs (wandering, hasn't noticed you)
You feel a surge of power!
The mass of ice explodes!
The iceblast engulfs the two-headed ogre!
The two-headed ogre is moderately wounded.
Aiming: Iceblast
Press: ? - help, Shift-Dir - straight line, f/p - two-headed ogre
Aim: a two-headed ogre, wielding two +0 giant clubs (moderately wounded)
You feel a surge of power!
The mass of ice explodes!
The iceblast engulfs the two-headed ogre!
The two-headed ogre is heavily wounded.
Unknown command.
Aiming: Iceblast
Press: ? - help, Shift-Dir - straight line, f/p - two-headed ogre
Aim: a two-headed ogre, wielding two +0 giant clubs (heavily wounded)
You feel a surge of power!
The mass of ice explodes!
The iceblast engulfs the two-headed ogre!
The two-headed ogre is severely wounded.
Aiming: Mindburst
Press: ? - help, Shift-Dir - straight line, f/p - two-headed ogre
Aim: a two-headed ogre, wielding two +0 giant clubs (severely wounded, chance to affect: 78%)
You feel a surge of power!
The two-headed ogre barely resists.
You block the two-headed ogre's attack.
The two-headed ogre hits you with a +0 giant club!
* * * LOW HITPOINT WARNING * * *
A killer bee zombie comes into view.
Press: ? - help, Shift-Dir - straight line, f/p - two-headed ogre
Aim: a two-headed ogre, wielding two +0 giant clubs (severely wounded, chance to affect: 72%)
The two-headed ogre struggles to resist.
You can no longer corrupt the fabric of space.
You block the two-headed ogre's attack. x2
Unknown command.
Press: ? - help, Shift-Dir - straight line, f/p - two-headed ogre
Aim: a two-headed ogre, wielding two +0 giant clubs (severely wounded, chance to affect: 72%)
You fail to use your ability.
The two-headed ogre hits you with a +0 giant club!
You die...

##### ########.#
##.......#.### .......).#
#........#.### .......#†#
#........#....
####..##.####.......#.... ∆
#...#..#..#.......#.... #..
#.)#..#.......#.###
#l.Z##..#..#.......#.### ∆
#... #.ZO#..#.......#.... ∆
....##..@#..#.......#....
###....#..#.......'....
####......#..'.......#....
#+##.........#..#.......#....
#.........(..#..#.......#....
#................#......<#....
#..........####..#########..##
#........####∆∆#.## #..#
.......### #.# #...


You could see a two-headed ogre and a killer bee zombie.

Vanquished Creatures
  A two-headed ogre (D:8)
  Pikel (D:4)
  Joseph (D:7)
  A kobold demonologist (D:7)
  2 wyverns
  5 yaks (D:6)
  4 water moccasins
  3 orc warriors
  2 necrophages (D:4)
  A sky beast (D:7)
  3 ogres (D:6)
  A centaur (D:6)
  2 phantoms
  2 kobold brigands
  A bullfrog (D:8)
  A wyvern zombie (D:8)
  A gnoll sergeant (D:9)
  A scorpion (D:6)
  5 killer bees
  5 wights
  A howler monkey (D:9)
  2 centaur zombies (D:9)
  A bullfrog zombie (D:6)
  2 hounds
  2 orc priests
  2 centaur skeletons
  A scorpion zombie (D:5)
  Ijyb (D:4)
  A gnoll shaman (D:7)
  Natasha (thrice) (D:2)
  An iguana (D:6)
  5 orc wizards (D:8)
  A killer bee zombie (D:9)
  A howler monkey zombie (D:9)
  Robin (D:4)
  6 gnolls
  4 adders
  An adder skeleton (D:3)
  2 worms
  2 dart slugs
  25 orcs
  2 bats
  7 endoplasms
  A giant cockroach (D:3)
  8 hobgoblins
  14 kobolds
  5 quokkas
  9 ball pythons
  3 frilled lizards
  14 goblins
  A spectral goblin (D:1)
172 creatures vanquished.

Notes
Turn   | Place    | Note
-------+----------+-------------------------------------------
     0 | Abyss:1  | Gargoyl the Gnoll Abyssal Knight began the quest for the
                  | Orb.
     0 | Abyss:1  | Reached XP level 1. HP: 23/23 MP: 3/3
    61 | Abyss:2  | Noticed a small abomination
    68 | D:1      | Escaped the Abyss
   456 | D:1      | Found a faded altar of an unknown god.
   487 | D:1      | Reached XP level 2. HP: 12/29 MP: 5/5
  1156 | D:2      | Reached * piety under Lugonu
  1413 | D:2      | Reached XP level 3. HP: 30/35 MP: 6/6
  1720 | D:2      | Noticed Natasha
  1735 | D:2      | Killed Natasha
  1736 | D:2      | Reached skill level 1 in Short Blades
  1736 | D:2      | Reached skill level 1 in Long Blades
  1736 | D:2      | Reached skill level 1 in Maces & Flails
  1736 | D:2      | Reached skill level 1 in Polearms
  1736 | D:2      | Reached skill level 1 in Staves
  1736 | D:2      | Reached skill level 1 in Slings
  1736 | D:2      | Reached skill level 1 in Bows
  1736 | D:2      | Reached skill level 1 in Crossbows
  1736 | D:2      | Reached skill level 1 in Throwing
  1736 | D:2      | Reached skill level 1 in Stealth
  1736 | D:2      | Reached skill level 1 in Shields
  1736 | D:2      | Reached skill level 1 in Unarmed Combat
  1736 | D:2      | Reached skill level 1 in Spellcasting
  1736 | D:2      | Reached skill level 1 in Evocations
  1736 | D:2      | Reached XP level 4. HP: 27/41 MP: 7/7
  1991 | D:2      | Noticed Natasha
  2001 | D:2      | Killed Natasha
  2015 | D:2      | Reached skill level 1 in Conjurations
  2015 | D:2      | Reached skill level 1 in Hexes
  2015 | D:2      | Reached skill level 1 in Summonings
  2015 | D:2      | Reached skill level 1 in Necromancy
  2015 | D:2      | Reached skill level 1 in Translocations
  2015 | D:2      | Reached skill level 1 in Transmutations
  2015 | D:2      | Reached skill level 1 in Fire Magic
  2015 | D:2      | Reached skill level 1 in Ice Magic
  2015 | D:2      | Reached skill level 1 in Air Magic
  2015 | D:2      | Reached skill level 1 in Earth Magic
  2015 | D:2      | Reached skill level 1 in Poison Magic
  2099 | D:2      | Noticed Natasha
  2108 | D:2      | Killed Natasha
  2109 | D:2      | Reached XP level 5. HP: 43/47 MP: 8/8
  2750 | D:3      | Found a shimmering blue altar of Sif Muna.
  3122 | D:4      | Noticed a necrophage
  3141 | D:4      | Killed a necrophage
  3142 | D:4      | Reached skill level 5 in Invocations
  3142 | D:4      | Reached XP level 6. HP: 39/53 MP: 9/9
  3262 | D:4      | Reached skill level 5 in Axes
  3262 | D:4      | Reached skill level 5 in Armour
  3392 | D:4      | Noticed Robin
  3424 | D:4      | Killed Robin
  3427 | D:4      | Reached ** piety under Lugonu
  3712 | D:4      | Found a snail-covered altar of Cheibriados.
  3734 | D:4      | Noticed a necrophage
  3760 | D:4      | Killed a necrophage
  3898 | D:4      | Reached XP level 7. HP: 59/59 MP: 10/10
  4026 | D:4      | Noticed Pikel
  4057 | D:4      | Killed Pikel
  4058 | D:4      | Reached skill level 7 in Fighting
  4058 | D:4      | Reached XP level 8. HP: 8/67 MP: 10/12
  4470 | D:4      | Noticed Ijyb
  4470 | D:4      | Paralysed by Ijyb for 7 turns
  4481 | D:4      | Killed Ijyb
  4571 | D:4      | Found a stormy altar of Qazlal.
  4715 | D:5      | Entered Level 5 of the Dungeon
  5836 | D:6      | Found a shimmering altar of Xom.
  5878 | D:6      | Noticed a yak
  5878 | D:6      | Noticed a yak
  5878 | D:6      | Noticed a yak
  5886 | D:6      | Noticed a yak
  5887 | D:6      | Noticed a yak
  5902 | D:6      | Killed a yak
  5909 | D:6      | Killed a yak
  5910 | D:6      | Reached XP level 9. HP: 53/72 MP: 14/14
  6183 | D:6      | Reached skill level 5 in Dodging
  6619 | D:7      | Found a sacrificial altar of Ru.
  6898 | D:6      | Reached skill level 8 in Fighting
  6907 | D:7      | Reached *** piety under Lugonu
  7157 | D:7      | Found a staircase to the Ecumenical Temple.
  7261 | D:7      | Noticed a kobold demonologist
  7276 | D:7      | Killed a kobold demonologist
  7397 | D:7      | Noticed Joseph
  7690 | D:7      | Killed Joseph
  7691 | D:7      | Reached XP level 10. HP: 46/80 MP: 17/17
  8092 | D:8      | Found a basalt altar of Yredelemnul.
  8109 | D:8      | Reached skill level 5 in Short Blades
  8109 | D:8      | Reached skill level 5 in Long Blades
  8109 | D:8      | Reached skill level 5 in Maces & Flails
  8109 | D:8      | Reached skill level 5 in Polearms
  8109 | D:8      | Reached skill level 5 in Staves
  8109 | D:8      | Reached skill level 5 in Slings
  8109 | D:8      | Reached skill level 5 in Bows
  8109 | D:8      | Reached skill level 5 in Crossbows
  8109 | D:8      | Reached skill level 5 in Throwing
  8109 | D:8      | Reached skill level 5 in Stealth
  8109 | D:8      | Reached skill level 5 in Shields
  8109 | D:8      | Reached skill level 5 in Unarmed Combat
  8109 | D:8      | Reached skill level 5 in Spellcasting
  8109 | D:8      | Reached skill level 5 in Evocations
  8863 | D:8      | Noticed a two-headed ogre
  8896 | D:8      | Killed a two-headed ogre
  9683 | D:9      | Gained mutation: You have an increased reservoir of magic.
                  | (+10% MP) [potion of mutation]
  9683 | D:9      | Gained mutation: Your mind is acute. (Int +2) [potion of
                  | mutation]
  9684 | D:9      | Lost mutation: Your mind is acute. (Int +2) [potion of
                  | mutation]
  9684 | D:9      | Gained mutation: Your spells are a little easier to cast,
                  | but a little less powerful. [potion of mutation]
  9684 | D:9      | Gained mutation: You expend magic power (3 MP) to
                  | strengthen your wands. [potion of mutation]
  9692 | D:9      | Found a staircase to the Orcish Mines.
  9723 | D:9      | Found Gomof's Armour Shoppe.
  9858 | D:9      | Bought a +2 kite shield of reflection for 277 gold pieces
  9964 | D:9      | Found a blossoming altar of Fedhas.
 10008 | D:9      | Found Riofo's Antique Armour Shop.
 10034 | D:9      | Bought a shiny chain mail for 172 gold pieces
 10066 | D:9      | Identified the +6 giant club of Valour {freeze, Fly Str+4}
 10066 | D:9      | Noticed a two-headed ogre
 10066 | D:9      | Noticed a two-headed ogre
 10066 | D:9      | Noticed Essalna's ghost (journeyman DsFE)
 10067 | D:9      | Noticed a two-headed ogre
 10077 | D:9      | Found a hide-covered altar of Uskayaw.
 10236 | D:9      | Reached **** piety under Lugonu
 10289 | D:9      | Noticed a two-headed ogre
 10293 | D:9      | HP: 3/80 [two-headed ogre (16)]
 10298 | D:9      | Mangled by a two-headed ogre

Illustrated notes

Levels and vault maps discovered:
D:1:      scummos_arrival_hexagon, layout_basic,
          dreamdust_ecumenical_altar_drowned_temple
D:2:      layout_loops_corners, uniq_natasha
D:3:      layout_basic, mainiacjoe_overflow_alcove_2
D:4:      layout_basic, lemuel_tele_altar, marbit_many_paths,
          grunt_ministairs_10, uniq_ijyb, uniq_robin, uniq_pikel
D:5:      layout_basic
D:6:      layout_basic, nicolae_overflow_crystal_walls
D:7:      layout_cave_pools, mainiacjoe_overflow_tiny_flanked,
          minmay_temple_entry_stoned_glass, uniq_joseph
D:8:      layout_loops_ring, yredelemnul_altar_generic
D:9:      minmay_quarter_circles, layout_stronghold, kennysheep_mini_moat,
          kennysheep_mini, orc_david_3, serial_shops, nicolae_shop_crystal,
          gammafunk_ghost_smash

Skill      XL: |  1  2  3  4  5  6  7  8  9 10 |
---------------+-------------------------------+-----
Short Blades   | 1 2 3 4 5 |  5.6
Long Blades    | 1 2 3 4 5 |  5.6
Maces & Flails | 1 2 3 4 5 |  5.6
Polearms       | 1 2 3 4 5 |  5.6
Staves         | 1 2 3 4 5 |  5.6
Slings         | 1 2 3 4 5 |  5.6
Bows           | 1 2 3 4 5 |  5.6
Crossbows      | 1 2 3 4 5 |  5.6
Throwing       | 1 2 3 4 5 |  5.6
Stealth        | 1 2 3 4 5 |  5.6
Shields        | 1 2 3 4 5 |  5.6
Unarmed Combat | 1 2 3 4 5 |  5.6
Spellcasting   | 1 2 3 4 5 |  5.6
Evocations     | 1 2 3 4 5 |  5.6
Conjurations   | 1 2 3 4 |  4.6
Hexes          | 1 2 3 4 |  4.6
Summonings     | 1 2 3 4 |  4.6
Necromancy     | 1 2 3 4 |  4.6
Translocations | 1 2 3 4 |  4.6
Transmutations | 1 2 3 4 |  4.6
Fire Magic     | 1 2 3 4 |  4.6
Ice Magic      | 1 2 3 4 |  4.6
Air Magic      | 1 2 3 4 |  4.6
Earth Magic    | 1 2 3 4 |  4.6
Poison Magic   | 1 2 3 4 |  4.6
Dodging        | 3 4 5 6 |  6.2
Invocations    | 5 6 7 |  7.7
Axes           | 5 6 7 |  7.3
Armour         | 5 6 7 |  7.3
Fighting       | 7 8 |  8.7

Action                   |  1- 3 |  4- 6 |  7- 9 | 10-12 || total
-------------------------+-------+-------+-------+-------++-------
Melee: Hand axe          |    83 |   115 |       |       ||   198
       Bite              |     7 |    19 |    42 |    31 ||    99
       Dagger            |       |    75 |   349 |   293 ||   717
Invok: Depart the Abyss  |     1 |       |       |       ||     1
       Bend Space        |       |       |       |     1 ||     1
       Banish            |       |       |       |     1 ||     1
Evoke: Wand              |       |       |       |     5 ||     5
  Use: Scroll            |     2 |     3 |     4 |     1 ||    10
       Potion            |       |       |       |     3 ||     3
 Stab: Sleeping          |     1 |       |       |       ||     1
Armor: Leather armour    |    24 |       |       |       ||    24
       Chain mail        |       |   110 |       |    24 ||   134
       Plate armour      |       |    15 |   190 |   129 ||   334
Dodge: Dodged            |    45 |    62 |   101 |    71 ||   279
Block: Buckler           |     3 |    32 |    71 |    48 ||   154
       Kite shield       |       |       |       |    31 ||    31
       Reflection        |       |       |       |     2 ||     2

Table legend: (Time is in decaauts)
 A = Elapsed time spent in this place.
 B = Non-inter-level travel time spent in this place.
 C = Inter-level travel time spent in this place.
 D = Time resting spent in this place.
 E = Time spent auto-exploring this place.
 F = Levels seen in this place.
 G = Mean time per level.
                   A        B        C        D        E       F      G
               +--------+--------+--------+--------+--------+-----+--------+
         Total |  10199 |   9929 |    270 |    629 |   7385 |  11 |  927.2 |
       Dungeon |  10132 |   9862 |    270 |    629 |   7348 |   9 | 1125.8 |
         Abyss |     67 |     67 |      0 |      0 |     37 |   2 |   33.5 |
               +--------+--------+--------+--------+--------+-----+--------+

Top non-repeatable levels by time:
     D:4: 1639 daAuts
     D:6: 1597 daAuts
     D:8: 1590 daAuts
     D:2: 1281 daAuts
     D:7: 1053 daAuts
     D:1: 1017 daAuts
     D:3: 728 daAuts
     D:9: 619 daAuts
     D:5: 603 daAuts
 Abyss:2: 63 daAuts
 Abyss:1: 4 daAuts
